 Dungeon Crawl Stone Soup version 0.19-a0-1704-gbd66c22 (webtiles) character file.

93 tbh1313 the Vexing (level 4, 0/31 HPs)
             Began as a Spriggan Enchanter on Sept 27, 2016.
             Succumbed to a worker ant's poison
             ... on level 4 of the Dungeon.
             The game lasted 00:06:04 (2604 turns).

tbh1313 the Vexing (Spriggan Enchanter)             Turns: 2604, Time: 00:06:05

Health: 0/31       AC:  4    Str:  9    XL:     4   Next: 36%
Magic:  1/9        EV: 18    Int: 16    God:
Gold:   143        SH:  0    Dex: 17    Spells: 3 memorised, 2 levels left

rFire  . . .     SeeInvis +     e - +3 short sword
rCold  . . .     Gourm    .     b - +1 robe
rNeg   . . .     Faith    .     (shield restricted)
rPois  .         Spirit   .     (helmet restricted)
rElec  .         Dismiss  .     (no cloak)
rCorr  .         Reflect  .     (gloves unavailable)
MR     .....     Harm     .     (boots unavailable)
Stlth  ..........               (no amulet)
                                (no ring)
                                (no ring)

@: berserking (expiring), lethally poisoned (0 -> -4), very slightly
contaminated, very quick
A: unfitting armour, see invisible, herbivore 3, speed 3, slow metabolism 2
a: no special abilities


You were on level 4 of the Dungeon.
You were not hungry.

You visited 1 branch of the dungeon, and saw 4 of its levels.

You collected 143 gold pieces.

Inventory:

Hand Weapons
 a - a +1 dagger
 e - a +3 short sword (weapon)
 f - a +0 dagger of venom
Missiles
 q - 13 poisoned needles
Armour
 b - a +1 robe (worn)
Jewellery
 h - an uncursed amulet of dismissal
Scrolls
 i - 4 scrolls of fear
 m - 3 scrolls of remove curse
 r - a scroll of teleportation
Potions
 g - a potion of flight
 k - a potion of brilliance {unknown}
 l - a potion of curing {unknown}
 n - a potion of might {unknown}
 o - a potion of agility {unknown}
 p - a potion of degeneration {unknown}
Books
 c - a book of Maledictions

   Spells                             Type                      Level
   a - Corona                         Hexes                        1
   b - Ensorcelled Hibernation        Hexes/Ice                    2
   c - Confuse                        Hexes                        3
   d - Tukima's Dance                 Hexes                        3
   e - Dazzling Spray                 Conjuration/Hexes            3
Comestibles
 d - 3 bread rations


   Skills:
 * Level 2.6 Short Blades
 - Level 3.0 Dodging
 + Level 5.0 Stealth
 - Level 2.6 Spellcasting
 - Level 5.2 Hexes


You had 2 spell levels left.
You knew the following spells:

 Your Spells              Type           Power        Failure   Level  Hunger
a - Corona                Hex            ###....      2%          1    #......
b - Ensorcelled Hibernat  Hex/Ice        ##....       12%         2    ##.....
c - Confuse               Hex            ###.....     10%         3    ###....


Dungeon Overview and Level Annotations

Branches:
Dungeon (4/15)
 Temple: D:4-7

Altars:
Xom


Innate Abilities, Weirdness & Mutations

You are very small and have problems with some larger weapons.
You are too small for most types of armour.
You have supernaturally acute eyesight. (SInv)
You are a herbivore.
You cover ground extremely quickly.
You need consume almost no food.


Message History

You miscast Ensorcelled Hibernation.
Nothing appears to happen.
* * * LOW HITPOINT WARNING * * *
You feel sick. The worker ant closely misses you.
* * * LOW HITPOINT WARNING * * *
You feel sick.
You see here 20 sling bullets.
* * * LOW HITPOINT WARNING * * *
You feel sick.
* * * LOW HITPOINT WARNING * * *
You feel sick.
* * * LOW HITPOINT WARNING * * *
You feel sick.
You are too injured to fight recklessly!
It was a potion of berserk rage.
A red film seems to cover your vision as you go berserk!
You feel yourself moving faster!
You feel mighty!
You are too berserk!
You are too berserk!
You feel a strong urge to attack something.
You die...

##........#.........#
.........#..#.###################
##..........#...........†..#.....
########.################.##.####
.................................
########.################.##.####
#.........^.........#.....
#####################..###
.........@.a..............
...################.#(.###
.......).... #####.##.###
#....... ####.### ... ....#
#.....


You could see a worker ant.

Vanquished Creatures
  3 adders
  2 dart slugs
  An orc (D:3)
  6 giant cockroaches
  5 goblins
  6 hobgoblins
  12 jackals
  5 bats
  A frilled lizard (D:3)
  5 kobolds
  8 rats
54 creatures vanquished.

Notes
Turn   | Place    | Note
-------+----------+-------------------------------------------
     0 | D:1      | tbh1313 the Spriggan Enchanter began the quest for the Orb.
     0 | D:1      | Reached XP level 1. HP: 9/9 MP: 5/5
   424 | D:1      | Reached XP level 2. HP: 13/13 MP: 6/6
   488 | D:1      | Learned a level 2 spell: Ensorcelled Hibernation
   847 | D:2      | Reached skill level 5 in Hexes
   951 | D:2      | Reached XP level 3. HP: 16/16 MP: 8/8
   961 | D:2      | Learned a level 3 spell: Confuse
  1914 | D:3      | Reached XP level 4. HP: 21/21 MP: 9/9
  2133 | D:3      | Found a shimmering altar of Xom.
  2134 | D:3      | Found a shimmering altar of Xom.
  2134 | D:3      | Found a shimmering altar of Xom.
  2134 | D:3      | Found a shimmering altar of Xom.
  2153 | D:3      | Found a shimmering altar of Xom.
  2154 | D:3      | Found a shimmering altar of Xom.
  2154 | D:3      | Found a shimmering altar of Xom.
  2154 | D:3      | Found a shimmering altar of Xom.
  2154 | D:3      | Found a shimmering altar of Xom.
  2155 | D:3      | Found a shimmering altar of Xom.
  2412 | D:4      | Reached skill level 5 in Stealth
  2599 | D:4      | HP: 1/21 [poisoned by a worker ant]
  2604 | D:4      | Succumbed to a worker ant's poison

Vault maps used:
D:1:      saegor_arrival_miasma, minmay_misc_feat_square
D:2:      feat_on_display
D:3:      st_stairs_14, roderic_serpentine_path, xom_redecorated
D:4:      first_bread

Skill      XL: |  1  2  3  4 |
---------------+-------------+-----
Hexes          | 4 5 |  5.2
Short Blades   | 2 |  2.6
Stealth        | 5 |  5.0
Dodging        | |  3.0
Spellcasting   | |  2.6

Action                   |  1- 3 |  4- 6 || total
-------------------------+-------+-------++-------
Melee: Dagger            |   101 |       ||   101
       Short sword       |    25 |    52 ||    77
 Cast: Corona            |     3 |       ||     3
       Ensorcelled Hiber |     4 |     2 ||     6
       Confuse           |       |     1 ||     1
  Use: Scroll            |     6 |       ||     6
       Potion            |       |     1 ||     1
 Stab: Sleeping          |    13 |     2 ||    15
       Distracted        |     1 |       ||     1
Armor: Robe              |    24 |     8 ||    32
Dodge: Dodged            |   107 |    46 ||   153
